AoeStats
← 374216472

Oasis

509096369Analyzed
4v4 RM · 6d ago on Sep 25, 2026· 56m 50s· 8 players
Game mode
Random Map
Map size
Large (8 player)
Population
200
Speed
Normal
Resources
Standard
Victory
Conquest
Starting age
Dark Age
Ending age
Imperial Age
RankedLock teamsTeams togetherTeam positionsShared explorationLock speedFull tech treeHidden civsTurbo modeCheats
Victory
Defeat
🇨🇳 Hindustanis · China
1277
+9
🇨🇳 Saxons · China
1049
+18
🇨🇳 Khmer · China
914
+23
🇭🇰 Saxons · Hong Kong SAR China
845
+24
🇹🇼 Persians · Taiwan
1100
-19
🇹🇼 Danes · Taiwan
1094
-19
🇹🇼 Saxons · Taiwan
1091
-19
🇭🇰 Magyars · Hong Kong SAR China
1041
-39
mzk_TsushimaRiko
6:51 Loom
35:20 Feudal Age
40:29 Castle Age
38:17 Double-Bit Axe
38:18 Horse Collar
42:24 Bow Saw
50:15 Wheelbarrow
50:10 Scale Mail Armor
51:05 Scale Barding Armor
51:47 Forging
51:44 Light Cavalry
52:35 Bloodlines
52:25 Husbandry
52:11 Pikeman
52:51 Squires
John9487
0:27 Loom
10:56 Feudal Age
16:07 Castle Age
13:56 Double-Bit Axe
13:55 Horse Collar
15:13 Stone Mining
17:21 Bow Saw
23:13 Wheelbarrow
24:43 Fortified Wall
25:48 Gold Mining
27:31 Hand Cart
29:59 Gold Shaft Mining
32:19 Imperial Age
30:05 Treadmill Crane
31:41 Scale Mail Armor
31:51 Forging
32:59 Chain Mail Armor
33:44 Conscription
32:59 Elite Hearth Troop
33:02 Shield Wall
35:21 Two-Man Saw
35:09 Plate Mail Armor
35:17 Iron Casting
35:49 Arson
36:05 Squires
36:46 Fletching
36:58 Padded Archer Armor
36:56 Murder Holes
37:09 Pikeman
38:22 Halberdier
39:28 Caravan
42:10 Bodkin Arrow
42:31 Leather Archer Armor
42:38 Ballistics
43:18 Chemistry
42:54 Gambesons
42:40 Crossbowman
43:25 Thumb Ring
43:42 Arbalester
46:16 Bracer
53:44 Ring Archer Armor
danny83627danny83627
0:32 Loom
12:25 Feudal Age
13:33 Double-Bit Axe
17:17 Castle Age
15:57 Horse Collar
18:07 Bow Saw
22:21 Wheelbarrow
22:22 Heavy Plow
30:17 Imperial Age
31:40 Onager
32:40 Caravan
33:14 Siege Engineers
33:41 Squires
33:50 Northmen's Fury
33:55 Elite Varangian Guard
34:45 Scale Mail Armor
34:40 Elite Jomsviking
36:31 Murder Holes
36:36 Gambesons
37:19 Conscription
36:45 Hamask
37:51 Chain Mail Armor
37:16 Siege Onager
39:19 Chemistry
39:40 Plate Mail Armor
41:24 Forging
41:07 Fletching
44:19 Bodkin Arrow
45:02 Iron Casting
374216472
11:40 Feudal Age
12:05 Double-Bit Axe
12:02 Horse Collar
14:03 Wheelbarrow
21:27 Castle Age
20:40 Stone Mining
22:17 Bow Saw
22:08 Heavy Plow
23:53 Gold Mining
24:39 Corvinian Army
25:23 Gold Shaft Mining
26:19 Scale Barding Armor
31:12 Treadmill Crane
31:43 Masonry
34:51 Loom
48:00 Pikeman
48:26 Arson
51:37 Bloodlines
51:27 Husbandry
53:42 Hand Cart
53:12 Town Watch
59:04 Imperial Age
83716497273
8:51 Loom
15:25 Feudal Age
19:08 Castle Age
22:29 Town Watch
27:39 Horse Collar
29:58 Double-Bit Axe
31:59 Bow Saw
32:32 Stone Mining
32:42 Gold Mining
34:13 Gold Shaft Mining
34:56 Wheelbarrow
34:44 Treadmill Crane
35:15 Fortified Wall
38:54 Imperial Age
36:40 Hand Cart
36:25 Town Patrol
36:27 Scale Mail Armor
36:37 Forging
37:27 Fletching
37:41 Heavy Plow
37:58 Chain Mail Armor
38:47 Iron Casting
39:14 Masonry
39:04 Gambesons
39:19 Squires
39:04 Arson
38:59 Elite Varangian Guard
40:12 Plate Mail Armor
40:58 Capped Ram
44:25 Siege Engineers
44:39 Caravan
44:57 Shield Wall
45:57 Conscription
46:43 Two-Man Saw
46:20 Crop Rotation
47:21 Siege Ram
49:06 Architecture
48:31 Murder Holes
Dreamblack
11:27 Feudal Age
10:13 Loom
12:03 Double-Bit Axe
13:16 Horse Collar
14:24 Scale Barding Armor
15:18 Forging
16:47 Fletching
25:53 Castle Age
27:17 Bow Saw
28:35 Wheelbarrow
28:16 Heavy Plow
28:39 Gold Mining
28:40 Stone Mining
32:19 Gold Shaft Mining
35:25 Stone Shaft Mining
37:22 Imperial Age
35:16 Hand Cart
35:32 Town Watch
36:24 Bloodlines
36:16 Husbandry
38:12 Chain Barding Armor
38:27 Iron Casting
37:48 Bodkin Arrow
37:56 Heavy Camel Rider
39:08 Conscription
39:52 Grand Trunk Road
40:54 Plate Barding Armor
41:21 Blast Furnace
41:44 Two-Man Saw
40:23 Imperial Camel Rider
41:15 Bodkin Arrow
42:57 Padded Archer Armor
43:01 Shatagni
44:19 Chemistry
44:06 Ballistics
44:10 Caravan
45:18 Caravan
47:36 Hoardings
49:43 Siege Engineers
49:33 Murder Holes
49:48 Light Cavalry
50:35 Hussar
53:48 Leather Archer Armor
53:34 Scale Mail Armor
碰我村民就投
5:56 Loom
12:46 Feudal Age
13:37 Double-Bit Axe
13:34 Horse Collar
17:53 Castle Age
21:43 Bow Saw
21:35 Heavy Plow
22:03 Scale Mail Armor
22:13 Forging
26:16 Squires
26:01 Arson
27:52 Wheelbarrow
31:26 Chain Mail Armor
31:46 Iron Casting
32:39 Iron Casting
36:58 Imperial Age
34:44 Hand Cart
38:22 Plate Mail Armor
38:28 Elite Varangian Guard
40:25 Fletching
40:35 Padded Archer Armor
40:31 Gambesons
41:28 Siege Engineers
41:44 Ballistics
42:24 Chemistry
41:21 Murder Holes
41:38 Masonry
41:08 Treadmill Crane
41:16 Arrowslits
47:35 Conscription
47:31 Shield Wall
55:12 Caravan
56:02 Architecture
无语
11:05 Feudal Age
15:00 Castle Age
13:03 Double-Bit Axe
13:24 Horse Collar
19:07 Wheelbarrow
18:44 Bow Saw
28:31 Imperial Age
26:20 Hand Cart
26:12 Town Watch
26:12 Loom
26:13 Town Watch
26:13 Loom
26:30 Gold Mining
26:31 Stone Mining
28:02 Gold Shaft Mining
28:02 Stone Shaft Mining
31:09 Scale Barding Armor
31:14 Forging
30:48 Elite Battle Elephant
31:29 Husbandry
31:40 Bloodlines
32:13 Chain Barding Armor
32:46 Conscription
32:32 Tusk Swords
32:54 Heavy Plow
34:11 Coinage
34:37 Plate Barding Armor
34:37 Iron Casting
38:21 Blast Furnace
40:02 Banking
40:58 Light Cavalry
42:31 Stone Shaft Mining
43:47 Hussar
44:57 Devotion
45:27 Fletching
46:06 Caravan
47:19 Hoardings
48:38 Bodkin Arrow
49:12 Ballistics
49:53 Chemistry
49:00 Siege Engineers
53:24 Bracer
Connection lost

Rejoining the realm…

Still unreachable

The connection could not be restored.

Session expired

The server has moved on; the page needs a fresh start.